 Dungeon Crawl Stone Soup version 0.31-a0-187-gba352fbbf7 (webtiles) character file.

Game seed: 8470583654099987108

47 qw the Shooter (level 3, -2/20 HPs)
             Began as a Deep Elf Hunter on June 22, 2023.
             Succumbed to an adder's poison
             ... on level 2 of the Dungeon.
             The game lasted 00:00:22 (938 turns).

qw the Shooter (Deep Elf Hunter)                     Turns: 938, Time: 00:00:22

Health: -2/20      AC:  3    Str: 10    XL:     3   Next: 48%
Magic:  5/5        EV: 12    Int: 13    God:
Gold:   89         SH:  0    Dex: 18    Spells: 2/2 levels left

rFire   . . .        e - +0 arbalest
rCold   . . .        (shield currently unavailable)
rNeg    . . .        c - +0 leather armour
rPois   .            (no helmet)
rElec   .            (no cloak)
rCorr   .            (no gloves)
SInv    .            (no boots)
Will    .....        (no amulet)
Stlth   ++           (no ring)
HPRegen 0.23/turn    (no ring)
MPRegen 0.09/turn

%: no passive effects
@: lethally poisoned (-2 -> -12)
A: no striking features
a: no special abilities


You were on level 2 of the Dungeon.
You visited 1 branch of the dungeon, and saw 2 of its levels.

You collected 89 gold pieces.


   Skills:
 - Level 1.5 Fighting
 + Level 7.0 Ranged Weapons
 - Level 2.4 Dodging
 - Level 1.2 Stealth


You had 2 spell levels left.
You didn't know any spells.
Your spell library was empty.

Inventory:

Hand Weapons
 e - a +0 arbalest (weapon)
Armour
 a - a +0 pair of boots
 b - a +0 scale mail
 c - a +0 leather armour (worn)
Scrolls
 f - a scroll of teleportation {unknown}
 g - a scroll of fear {unknown}
 i - a scroll of revelation {unknown}
Potions
 h - a potion of brilliance {unknown}

Dungeon Overview and Level Annotations

Branches:
Dungeon (2/15)

Altars:


Message History

Enter note:
Enter note:
Enter note: You shoot a bolt.
The bolt misses the adder.
The adder bites you.
You shoot a bolt.
The bolt hits the adder but does no damage.
The adder barely misses you. The adder bites you but does no damage.
You shoot a bolt. The bolt closely misses the adder.
The adder bites you.
You are poisoned.
The adder poisons you! The adder bites you but does no damage.
You shoot a bolt. The bolt closely misses the adder.
You feel sick. The adder bites you.
You are more poisoned.
The adder poisons you! The adder bites you.
You shoot a bolt. The bolt completely misses the adder.
You feel very sick. The adder barely misses you. The adder closely misses you.
You shoot a bolt. The bolt closely misses the adder.
You feel sick. The adder closely misses you. The adder bites you.
You are more poisoned.
The adder poisons you!
934 ||| DRINKING potion of heal wounds.
You feel much better.
You feel very sick. The adder bites you. The adder closely misses you.
You shoot a bolt. The bolt closely misses the adder.
You feel very sick. The adder barely misses you. The adder closely misses you.
You shoot a bolt. The bolt barely misses the adder.
You feel sick. The adder bites you. x2
You are lethally poisoned!
The adder poisons you!
You shoot a bolt. The bolt completely misses the adder.
You feel very sick. The adder bites you.
You are more poisoned.
The adder poisons you! The adder misses you.
You shoot a bolt. The bolt closely misses the adder.
You die...

#####.# #.##....(..........
#...[.###.###..............
#..##..##.# ..............
####)%######.# #..............
#........# #.# .........<.....
#........###.##...............
#..~.~~.%#...#................
#...#.~..#...#S# .............
#..¤¤#...#...@.# .............
#..~¤.¤..#...### ..####..#...#
#........#%..# # ##......
#..:.....#...# .......
##########...# #..... .###.
#..... #. . #..... .. . #.)...
#.....


You could see an adder.

Vanquished Creatures
  An adder (D:2)
  A dart slug (D:2)
  3 endoplasms
  A giant cockroach (D:1)
  5 goblins
  2 hobgoblins (D:1)
  2 jackals (D:2)
  2 quokkas
  3 ball pythons
  5 bats
  4 kobolds
  5 rats
34 creatures vanquished.

Notes
Turn   | Place    | Note
-------+----------+-------------------------------------------
     0 | D:1      | qw the Deep Elf Hunter began the quest for the Orb.
     0 | D:1      | Reached XP level 1. HP: 12/12 MP: 3/3
     0 | D:1      | 0 ||| qw: Version: 0.3-a-9-g12657ce
     0 | D:1      | 0 ||| qw: Game counter: 2607
     0 | D:1      | 0 ||| qw: Always use a shield: true
     0 | D:1      | 0 ||| qw: God list: Okawaru
     0 | D:1      | 0 ||| qw: Allow faded altars: false
     0 | D:1      | 0 ||| qw: Do Orc after D:15 true
     0 | D:1      | 0 ||| qw: Do second Lair branch before Depths: true
     0 | D:1      | 0 ||| qw: Lair rune preference: random
     0 | D:1      | 0 ||| qw: Plans: Normal
     0 | D:1      | 0 ||| PLANNING D:1-11
   199 | D:1      | Reached skill level 6 in Ranged Weapons
   199 | D:1      | Reached XP level 2. HP: 16/16 MP: 4/4
   599 | D:1      | Found a faded altar of an unknown god.
   600 | D:1      | 600 ||| READING scroll labelled TAHAP TUTEYCIA.
   601 | D:1      | 601 ||| READING scroll labelled YPSIM GUFAEFU.
   602 | D:1      | 602 ||| READING scroll labelled BEPIOS GIVUHEO.
   603 | D:1      | 603 ||| DRINKING 2 silvery potions.
   604 | D:1      | 604 ||| DROPPING scroll of butterflies.
   696 | D:2      | Reached XP level 3. HP: 20/20 MP: 5/5
   813 | D:2      | 813 ||| SWAPPING to +0 arbalest.
   814 | D:2      | 814 ||| DROPPING +1 shortbow.
   860 | D:2      | Reached skill level 7 in Ranged Weapons
   933 | D:2      | HP: 5/20 [poisoned by an adder]
   934 | D:2      | 934 ||| DRINKING potion of heal wounds.
   937 | D:2      | HP: 1/20 [adder (2)]
   938 | D:2      | Succumbed to an adder's poison

Levels and vault maps discovered:
D:1:      lightli_arrival_quake, layout_basic,
          shapermc_ecumenical_altar_mp_vishouse, minmay_pentomino_t2
D:2:      layout_rooms, hangedman_decor_diamond_cutter,
          kennysheep_generic_room_4

Skill      XL: |  1  2  3 |
---------------+----------+-----
Ranged Weapons | 6 7 |  7.0
Fighting       | |  1.5
Dodging        | |  2.4
Stealth        | |  1.2

Action                     || total
---------------------------++-------
   Fire: Shortbow          ||    43
         Arbalest          ||    27
    Use: Scroll            ||     3
         Potion            ||     2
 Armour: Leather armour    ||     7
  Dodge: Dodged            ||    14

Table legend:
 A = Non-vault XP
 B = Vault XP
 C = Vault XP percentage of total XP
 D = Non-vault monster count
 E = Vault monster count
 F = Vault count percentage of total count
                 A         B        C        D         E       F
            +---------+---------+-------+---------+---------+-------
      Total |      65 |       3 |   4.4 |      32 |       2 |   5.9
            +---------+---------+-------+---------+---------+-------
        D:1 |      19 |       2 |   9.5 |      14 |       1 |   6.7
        D:2 |      46 |       1 |   2.1 |      18 |       1 |   5.3
            +---------+---------+-------+---------+---------+-------
